 Seeded DCSS version 0.30.1-9-gdf580d7c3d (webtiles) character file.

Game seed: 15660985446129201502 (custom seed)

97 AccursedSamuel the Chopper (level 4, -5/29 HPs)
             Began as a Tengu Monk on Oct 11, 2023.
             Killed by divine providence
             ... invoked by an orc priest
              (15 damage)
             ... on level 3 of the Dungeon.
             The game lasted 00:02:04 (1720 turns).

AccursedSamuel the Chopper (Tengu Monk)             Turns: 1720, Time: 00:02:12

Health: -5/29      AC:  2    Str: 13    XL:     4   Next: 68%
Magic:  5/5        EV: 14    Int: 10    God:
Gold:   224        SH:  0    Dex: 21    Spells: 3/3 levels left

rFire   . . .        e - +9 broad axe of Blood {vamp, rCorr Dex+4}
rCold   . . .        d - orb {light}
rNeg    . . .        b - +0 robe
rPois   .            (helmet restricted)
rElec   .            (no cloak)
rCorr   +            (no gloves)
SInv    .            (boots unavailable)
Will    .....        (no amulet)
Stlth   +            (no ring)
HPRegen 0.24/turn    (no ring)
MPRegen 0.09/turn

%: no passive effects
@: glowing
A: beak, talons 3
a: no special abilities


You were on level 3 of the Dungeon.
You visited 1 branch of the dungeon, and saw 3 of its levels.

You collected 224 gold pieces.

Inventory:

Hand Weapons
 e - the +9 broad axe of Blood (weapon) {vamp, rCorr Dex+4}
   (You acquired it on level 1 of the Dungeon)

   Dex:       It affects your dexterity (+4).
   rCorr:     It protects you from acid and corrosion.
Armour
 b - a +0 robe (worn)
 d - an orb of light (worn)
Jewellery
 m - a +4 ring of protection
Scrolls
 a - 2 scrolls of teleportation {unknown}
 g - a scroll of enchant armour {unknown}
 h - a scroll of noise {unknown}
 j - a scroll of immolation {unknown}
 o - a scroll of identify {unknown}
 q - a scroll of fog {unknown}
Potions
 c - a potion of ambrosia
 f - a potion of curing {unknown}
 i - a potion of degeneration {unknown}
 k - a potion of attraction {unknown}
 l - 2 potions of magic {unknown}
 n - a potion of flight {unknown}
 p - a potion of heal wounds {unknown}


   Skills:
 + Level 3.6 Fighting
 + Level 4.5 Axes
 + Level 4.0 Dodging
 + Level 0.6 Stealth


You had 3 spell levels left.
You didn't know any spells.
Your spell library contained the following spells:

 Spells                   Type           Power      Damage    Failure   Level
 Cigotuvi's Dreadful Rot  Necr/Pois/Air  0%         N/A       50%         2
 Ignite Poison            Fire/Tmut/Pois 0%         N/A       75%         3
 Dispel Undead            Necr           0%         3d6       98%         4
 Sticky Flame             Conj/Fire      0%         2d3       98%         4
 Death Channel            Necr           0%         N/A       100%        6
 Ignition                 Fire           0%         3d3       100%        8


Dungeon Overview and Level Annotations

Branches:
Dungeon (3/15)

Altars:

Annotations:
D:2 1 runed translucent door, Crazy Yiuf


Innate Abilities, Weirdness & Mutations

You have a beak for a mouth.
You have claws for feet.


Message History

You see here a +0 club.
Found a stone staircase leading down.
There is a stone staircase leading down here.
A rat comes into view.
A rat is nearby!
A rat is nearby!
A rat is nearby!
An orc comes into view. It is wielding a +0 flail.
An orc comes into view. It is wielding a +0 dagger.
The orc shouts!
You slice the rat!!
You kill the rat!
You hear a shout! x3
You see here a rat corpse.
You hit the orc.
The orc is heavily wounded.
The orc barely misses you. The orc completely misses you.
You barely miss the orc. You peck the orc.
You kill the orc!
You slash the orc!
You kill the orc!
Items here: ( )) ††.
An orc priest comes into view. It is wielding a +0 short sword.
The orc priest shouts!
You hear a shout!
An orc priest is nearby!
An orc and an orc priest come into view.
The orc priest shouts!
You barely miss the orc priest. Your kick misses the orc priest.
The orc priest hits you but does no damage.
The orc priest calls down the wrath of Beogh upon you.
Beogh smites you!
You completely miss the orc priest. Your peck misses the orc priest.
The orc priest hits you with a +0 short sword.
You barely miss the orc priest.
The orc priest invokes the aid of Beogh against you.
Pain shoots through your body!
The orc priest calls down the wrath of Beogh upon you.
Beogh smites you!
Ouch! That really hurt!
You die...

.# .# .## ..#####
......## ####
..###..### #.. .##
##...## #.# ..
###..######.######.
.#
##..†)...@.......
.~ #######.o.#####.
.♣ ##o..# . #.o.#
#...# #...# #...#
....#


You could see 2 orc priests and an orc.

Vanquished Creatures
  Jessica (D:2)
  An adder (D:2)
  A dart slug (D:2)
  2 orcs (D:3)
  6 endoplasms
  2 giant cockroaches (D:2)
  6 goblins
  5 hobgoblins
  6 kobolds
  5 quokkas
  3 ball pythons
  2 bats (D:1)
  7 frilled lizards
  7 rats
  A spectral kobold (D:2)
55 creatures vanquished.

Notes
Turn   | Place    | Note
-------+----------+-------------------------------------------
     0 | D:1      | AccursedSamuel the Tengu Monk began the quest for the Orb.
     0 | D:1      | Reached XP level 1. HP: 14/14 MP: 2/2
    87 | D:1      | Reached XP level 2. HP: 18/19 MP: 3/3
    91 | D:1      | Identified a scroll of acquirement
    91 | D:1      | Acquired the +9 broad axe of Blood {vamp, rCorr Dex+4}
   613 | D:1      | Reached XP level 3. HP: 23/23 MP: 4/4
  1016 | D:2      | Found a faded altar of an unknown god.
  1118 | D:2      | Found a runed translucent door.
  1119 | D:2      | Noticed Crazy Yiuf
  1261 | D:2      | Noticed Jessica
  1269 | D:2      | Killed Jessica
  1270 | D:2      | Reached XP level 4. HP: 28/28 MP: 5/5
  1720 | D:3      | Killed from afar by an orc priest

Illustrated notes

Levels and vault maps discovered:
D:1:      minmay_arrival_pointy, layout_loops_ring, minmay_gold_behind_fungi
D:2:      layout_basic, dreamdust_ecumenical_altar_drowned_temple,
          hangedman_decor_clover_reticule, fountainhead,
          uniq_crazy_yiuf_cottage, uniq_jessica
D:3:      layout_loops_ring, general_overflow_altar, serial_bayou_pond_d

Skill      XL: |  1  2  3 |
---------------+----------+-----
Axes           | 4 |  4.5
Dodging        | 4 |  4.0
Fighting       | |  3.6
Stealth        | |  0.6

Action                     |  1- 3 |  4- 6 || total
---------------------------+-------+-------++-------
  Melee: Hand axe          |    13 |       ||    13
         Kick              |     6 |     2 ||     8
         Broad axe         |    32 |    24 ||    56
         Peck              |     2 |     2 ||     4
    Use: Scroll            |     1 |       ||     1
 Armour: Robe              |     8 |     6 ||    14
  Dodge: Dodged            |    51 |    15 ||    66
